Map: King's Cove LE

Players

iPlayDefense

  • Race: Terran Terran
  • League: Silver
  • Spawn Location: 11:00

bob - Winner!

  • Race: Protoss Protoss
  • Spawn Location: 5:00

VOD

Have the link to the VOD?

Description

Time

  • Played on: April 13, 2025, 10:29 a.m.
  • Length: 2:21
Show
View Real Time Build Order
Export as new Build Order

iPlayDefense Terran 

Build Orders:  

Get SALT Encoding   

  12  0:01  SCV  
  13  0:15  Supply Depot  
  13  0:20  Refinery  
  13  0:40  SCV, Barracks  
  14  0:52  SCV  
  15  1:04  SCV  
  15  1:07  Supply Depot  
  16  1:27  Barracks Reactor  
  16  1:28  Orbital Command  
  16  1:58  SCV  
Show
View Real Time Build Order
Export as new Build Order

bob Protoss - Winner!

Build Orders:  

Get SALT Encoding   

  12  0:13  Pylon  
  12  0:16  Probe  
  13  0:24  Probe  
  14  0:36  Forge, Probe  
  15  0:56  Pylon  
  15  1:03  Probe  
  16  1:15  Probe  
  16  1:16  Photon Cannon  
  17  1:25  Pylon  
  17  1:37  Probe  
  18  1:44  Assimilator  
  18  1:52  Photon Cannon  
  18  2:03  Pylon  
  18  2:17  Pylon  
Tags
 
League
Silver
Matchup
PvT
Replay Pack
DaveSC2
Spawn Locations
Cross Positions
Add a new tag
Caveats
  • Supply blocks, unpowered buildings, or Contaminate may cause inaccurate times.
  • Supply counts are checked every 10 seconds.